 Dungeon Crawl Stone Soup version 0.29.1-12-g30fa7ad0bf (webtiles) character file.

Game seed: 7264379122550840627

1547 xzight the Ruffian (level 8, -2/78 (79) HPs)
             Began as a Troll Fighter on Dec 27, 2022.
             Was an Initiate of Okawaru.
             Slain by an orc warrior
             ... wielding a +0 falchion
              (10 damage)
             ... on level 5 of the Dungeon.
             The game lasted 00:04:43 (4054 turns).

xzight the Ruffian (Troll Fighter)                  Turns: 4054, Time: 00:04:44

HP:   -2/78 (79)    AC:  6    Str: 27    XL:     8   Next: 57%
MP:   7/7           EV:  8    Int:  4    God:    Okawaru [......]
Gold: 226           SH:  8    Dex:  9    Spells: 7/7 levels left

rFire   . . .      SeeInvis .     - Unarmed
rCold   . . .      Faith    .   b - +0 kite shield
rNeg    + . .      Spirit   .   a - +0 robe
rPois   .          Reflect  .   c - +1 hat
rElec   .          Harm     .   f - +0 cloak
rCorr   +          Rampage  .   (gloves unavailable)
Will    .....                   (boots unavailable)
Stlth   +.........              (no amulet)
HPRegen 1.03/turn               R - ring of resist corrosion
MPRegen 0.10/turn               N - ring of positive energy

@: lightly drained
A: large, unfitting armour, claws 3, regeneration 1, shaggy fur 1, tough skin 1
a: Renounce Religion


You were on level 5 of the Dungeon.
You worshipped Okawaru.
Okawaru was noncommittal.
You visited 2 branches of the dungeon, and saw 7 of its levels.

You collected 226 gold pieces.


Innate Abilities, Weirdness & Mutations

You are too large for most types of armour.
You have claws for hands.
Your natural rate of healing is unusually fast.
You are covered in fur. (AC +1)
You have tough skin. (AC +1)


   Skills:
 + Level 4.7 Fighting
 + Level 4.1 Throwing
 - Level 2.4 Dodging
 + Level 5.1 Shields
 * Level 7.1 Unarmed Combat


You had 7 spell levels left.
You didn't know any spells.
Your spell library contained the following spells:

 Spells                   Type           Power      Damage    Failure   Level
 Magic Dart               Conj           0%         1d3       77%         1
 Ensorcelled Hibernation  Hex/Ice        0%         N/A       88%         2
 Passwall                 Tmut/Erth      0%         N/A       88%         2
 Dazzling Flash           Conj/Hex       0%         N/A       98%         3
 Mephitic Cloud           Conj/Pois/Air  0%         N/A       98%         3
 Swiftness                Air            0%         N/A       98%         3
 Agony                    Necr           0%         N/A       100%        5
 Silence                  Hex/Air        0%         N/A       100%        5
 Call Imp                 Summ           Unusable   N/A       N/A         2

Inventory:

Armour
 a - a +0 robe (worn)
 b - a +0 kite shield (worn)
 c - a +1 hat (worn)
 f - a +0 cloak (worn)
Jewellery
 N - a ring of positive energy (right claw)
 R - a ring of resist corrosion (left claw)
 Z - a ring of wizardry
Wands
 t - a wand of quicksilver (10)
 u - a wand of flame (34)
 v - a wand of paralysis (7)
 x - a wand of digging (3)
Scrolls
 d - 3 scrolls of poison {unknown}
 h - 2 scrolls of noise {unknown}
 i - a scroll of fog {unknown}
 j - 4 scrolls of identify {unknown}
 k - a scroll of blinking {unknown}
 m - 2 scrolls of magic mapping {unknown}
 n - a scroll of brand weapon {unknown}
 p - a scroll of amnesia {unknown}
 q - 2 scrolls of teleportation {unknown}
 w - 3 scrolls of torment {unknown}
 y - a scroll of fear {unknown}
Potions
 e - 2 potions of mutation {unknown}
 g - 5 potions of curing {@q1}
 l - a potion of invisibility {unknown}
 o - a potion of heal wounds {unknown}
 r - a potion of lignification {unknown}
 s - a potion of berserk rage {unknown}
 z - a potion of attraction {unknown}

Dungeon Overview and Level Annotations

Branches:
Dungeon (6/15)             Temple (1/1) D:5

Altars:
Ashenzari
Cheibriados
Dithmenos
Elyvilon
Fedhas
Gozag
Kikubaaqudgha
Makhleb
Nemelex Xobeh
Okawaru
Sif Muna
Trog
Uskayaw
Vehumet
Wu Jian
Xom
Zin

Shops:
D:1 *

Annotations:
D:3 3 runed translucent doors, Unglued128's ghost, amateur DrFE
D:4 1 runed translucent door, Crazy Yiuf

.....#......#|........#
#.#.
.....#................#
....
....##..........######
+##.
....##...▒...▒▒..#...##.
#.
....##....▒.▒..▒.........
+.
....##.▒..▒....▒.........
#.
.......§▒▒....▒......... .
...........>............
..
....##..▒....▒▒)@##..### #
.#.
.#####.▒....▒..▒o##..###..
# #.▒..▒.▒.............
...▒▒...▒...!.†...... ...
.................
...............)...... #.
.....#......z......
.....#########..#..# ##
#.....


You could see an orc warrior and a wight.


Message History

The wight is lightly damaged.
The wight hits you with a +0 long sword.
* * * LOW HITPOINT WARNING * * *
The wight hits you with a +0 falchion.
* * * LOW HITPOINT WARNING * * *
You partially resist.
You feel drained.
You claw the wight!
You destroy the wight!
Okawaru accepts your kill. The wight barely misses you.
Your Unarmed Combat skill increases to level 7!
You claw the wight!
The wight is almost destroyed.
The wight hits you with a +0 long sword.
* * * LOW HITPOINT WARNING * * *
You partially resist.
You feel drained.
You claw the wight!
You destroy the wight!
Okawaru accepts your kill.
You claw the orc warrior!
The orc warrior is moderately wounded.
The orc warrior hits you with a +0 falchion!
* * * LOW HITPOINT WARNING * * *
You scratch the orc warrior.
The orc warrior is heavily wounded.
The orc warrior hits you with a +0 falchion.
* * * LOW HITPOINT WARNING * * *
It was a potion of curing.
You feel better.
The orc warrior hits you with a +0 falchion!
You die...

Skill      XL: |  1  2  3  4  5  6  7  8 |
---------------+-------------------------+-----
Shields        | 3 4 5 |  5.1
Throwing       | 1 2 3 4 |  4.1
Fighting       | 3 4 |  4.7
Unarmed Combat | 3 4 5 6 7 |  7.1
Dodging        | |  2.4

Action                   |  1- 3 |  4- 6 |  7- 9 || total
-------------------------+-------+-------+-------++-------
Melee: Unarmed           |    67 |   124 |   144 ||   335
  Use: Potion            |       |     1 |     1 ||     2
 Stab: Sleeping          |     1 |       |       ||     1
Armor: Robe              |     8 |    39 |    36 ||    83
Dodge: Dodged            |    24 |    48 |    38 ||   110
Block: Kite shield       |    22 |    47 |    48 ||   117

Levels and vault maps discovered:
D:1:      dpeg_arrival_renting, layout_loops_corners, serial_shops, shop
D:2:      layout_basic, grunt_ministairs_13, uniq_sigmund
D:3:      minmay_skewed_foursquare, layout_loops_ring,
          gammafunk_ghost_nasty_kobolds, skrybe_limestone_x,
          amcnicky_mini_pool_small, uniq_terence
D:4:      layout_loops_cross, nicolae_uskayaw_dance_hall,
          general_overflow_altar, dk_vineyard_1, uniq_crazy_yiuf_cottage,
          uniq_ijyb, uniq_grinder
D:5:      layout_gridville, lightli_temple_of_fire,
          minmay_temple_entry_mini_moons, minmay_misc_feat_doors, sword_in_stone
D:6:      layout_cave_pools, uniq_blork_the_orc
Temple:   jpeg_temple_clearing

Notes
Turn   | Place    | Note
-------+----------+-------------------------------------------
     0 | D:1      | xzight the Troll Fighter began the quest for the Orb.
     0 | D:1      | Reached XP level 1. HP: 22/22 MP: 0/0
   259 | D:1      | Reached XP level 2. HP: 29/29 MP: 1/1
   481 | D:1      | Found Timuowubb's General Store.
   980 | D:2      | Reached XP level 3. HP: 36/36 MP: 2/2
  1024 | D:2      | Reached skill level 3 in Shields
  1038 | D:2      | Reached skill level 1 in Throwing
  1098 | D:2      | Noticed Sigmund
  1109 | D:2      | Killed Sigmund
  1110 | D:2      | Reached skill level 3 in Fighting
  1110 | D:2      | Reached skill level 3 in Unarmed Combat
  1110 | D:2      | Reached XP level 4. HP: 45/45 MP: 3/3
  1110 | D:2      | Reached XP level 5. HP: 53/53 MP: 4/4
  1212 | D:2      | Reached skill level 2 in Throwing
  1224 | D:2      | Reached skill level 4 in Unarmed Combat
  1721 | D:3      | Reached XP level 6. HP: 49/61 MP: 5/5
  1810 | D:3      | You fall into a shaft and drop 3 floors!
  1811 | D:6      | Noticed Blork the orc
  1830 | D:6      | Killed Blork the orc
  1830 | D:6      | HP: 1/58 [wight/+2 trident (8)]
  1994 | D:6      | Reached skill level 4 in Shields
  1994 | D:6      | Reached skill level 5 in Unarmed Combat
  1994 | D:6      | Reached XP level 7. HP: 68/68 MP: 6/6
  2000 | D:5      | Entered Level 5 of the Dungeon
  2013 | D:4      | Found a hide-covered altar of Uskayaw.
  2018 | D:4      | Reached skill level 3 in Throwing
  2141 | D:4      | Noticed Grinder
  2153 | D:4      | Killed Grinder
  2154 | D:4      | Reached skill level 4 in Fighting
  2154 | D:4      | Reached skill level 6 in Unarmed Combat
  2345 | D:4      | Found a bloodstained altar of Trog.
  2356 | D:4      | Reached XP level 8. HP: 78/78 MP: 7/7
  2372 | D:4      | Noticed Ijyb
  2378 | D:4      | Killed Ijyb
  2770 | D:3      | Found a runed translucent gate.
  2770 | D:3      | Found a runed translucent gate.
  2771 | D:3      | Noticed Unglued128's ghost (amateur DrFE)
  2773 | D:3      | Found a runed translucent gate.
  2871 | D:3      | Noticed Terence
  2875 | D:3      | Killed Terence
  3187 | D:4      | Found a runed translucent door.
  3188 | D:4      | Noticed Crazy Yiuf
  3826 | D:5      | Found a burning altar of Makhleb.
  3886 | D:5      | Found a staircase to the Ecumenical Temple.
  3905 | Temple   | Entered the Ecumenical Temple
  3934 | Temple   | Became a worshipper of Warmaster Okawaru
  4023 | D:5      | Reached skill level 4 in Throwing
  4023 | D:5      | Reached skill level 5 in Shields
  4024 | D:5      | Found the +5 sword of Power {vorpal}
  4050 | D:5      | Reached skill level 7 in Unarmed Combat
  4052 | D:5      | HP: 7/78 [orc warrior/+0 falchion (8)]
  4053 | D:5      | HP: 2/78 [orc warrior/+0 falchion (6)]
  4054 | D:5      | Slain by an orc warrior

Vanquished Creatures
  Grinder (D:4)
  Sigmund (D:2)
  An ogre (D:4)
  3 phantoms
  Blork the orc (D:6)
  A necrophage (D:5)
  A gnoll sergeant (D:5)
  3 scorpions (D:5)
  4 wights
  Ijyb (D:4)
  Terence (D:3)
  7 gnolls
  9 adders
  A white imp (D:6)
  2 worms
  3 dart slugs
  8 orcs
  8 endoplasms
  3 giant cockroaches
  10 goblins
  7 hobgoblins
  A jackal (D:5)
  13 kobolds
  6 quokkas
  8 ball pythons
  3 bats
  5 frilled lizards
  5 rats
117 creatures vanquished.

Table legend: (Time is in decaauts)
 A = Elapsed time spent in this place.
 B = Non-inter-level travel time spent in this place.
 C = Inter-level travel time spent in this place.
 D = Time resting spent in this place.
 E = Time spent auto-exploring this place.
 F = Levels seen in this place.
 G = Mean time per level.
                   A        B        C        D        E       F      G
               +--------+--------+--------+--------+--------+-----+--------+
         Total |   4069 |   3910 |    159 |     97 |   3019 |   7 |  581.3 |
       Dungeon |   3959 |   3812 |    147 |     97 |   2942 |   6 |  659.8 |
        Temple |    109 |     97 |     12 |      0 |     77 |   1 |  109.0 |
               +--------+--------+--------+--------+--------+-----+--------+

Top non-repeatable levels by time:
     D:4: 1071 daAuts
     D:1: 944 daAuts
     D:3: 829 daAuts
     D:2: 671 daAuts
     D:5: 251 daAuts
     D:6: 191 daAuts
  Temple: 109 daAuts

Table legend:
 A = Non-vault XP
 B = Vault XP
 C = Vault XP percentage of total XP
 D = Non-vault monster count
 E = Vault monster count
 F = Vault count percentage of total count
                 A         B        C        D         E       F
            +---------+---------+-------+---------+---------+-------
      Total |    1276 |     935 |  42.3 |      98 |      19 |  16.2
            +---------+---------+-------+---------+---------+-------
        D:1 |      28 |       0 |   0.0 |      18 |       0 |   0.0
        D:2 |      73 |     241 |  76.8 |      20 |       3 |  13.0
        D:3 |      67 |      52 |  43.7 |      18 |      10 |  35.7
        D:4 |     362 |     322 |  47.1 |      23 |       2 |   8.0
        D:5 |     484 |     229 |  32.1 |      14 |       3 |  17.6
        D:6 |     262 |      91 |  25.8 |       5 |       1 |  16.7
            +---------+---------+-------+---------+---------+-------
